 Dungeon Crawl Stone Soup version 0.29-a0-529-gfa20dd96a1 (webtiles) character file.

Game seed: 5590305859592493544

190 MechDurjaeses the Shield-Bearer (level 5, 0/47 HPs)
             Began as a Gnoll Fighter on June 2, 2022.
             Was an Initiate of Okawaru.
             Killed by divine providence
             ... invoked by an orc priest
              (10 damage)
             ... on level 2 of the Dungeon.
             The game lasted 00:08:34 (2474 turns).

MechDurjaeses the Shield-Bearer (Gnoll Fighter)     Turns: 2474, Time: 00:08:35

Health: 0/47       AC:  7    Str: 17    XL:     5   Next: 69%
Magic:  7/7        EV:  9    Int:  8    God:    Okawaru [......]
Gold:   63         SH:  5    Dex: 11    Spells: 7/7 levels left

rFire   + . .      SeeInvis .   a - +0 trident
rCold   . . .      Faith    .   c - +0 buckler
rNeg    . . .      Spirit   .   b - +0 scale mail
rPois   .          Reflect  .   (no helmet)
rElec   .          Harm     .   (no cloak)
rCorr   .          Rampage  .   (no gloves)
Will    .....                   (no boots)
Stlth   ..........              (no amulet)
HPRegen 0.15/turn               f - ring of protection from fire
MPRegen 0.10/turn               (no ring)

@: mighty
A: fangs 1, strong nose, distributed training
a: Renounce Religion


You were on level 2 of the Dungeon.
You worshipped Okawaru.
Okawaru was noncommittal.
You visited 1 branch of the dungeon, and saw 3 of its levels.

You collected 63 gold pieces.

Inventory:

Hand Weapons
 a - a +0 trident (weapon)
 j - a +0 hunting sling
Armour
 b - a +0 scale mail (worn)
 c - a +0 buckler (worn)
Magical Staves
 p - a staff of air
Jewellery
 f - a ring of protection from fire (left hand)
Wands
 m - a wand of polymorph (12)
Scrolls
 h - a scroll of fog {unknown}
 i - a scroll of vulnerability {unknown}
 k - a scroll of teleportation {unknown}
 l - a scroll of immolation
 n - a scroll of torment {unknown}
 o - a scroll of summoning {unknown}
Potions
 e - a potion of lignification {unknown}
 g - a potion of curing


   Skills:
 + Level 6.7 Fighting
 + Level 1.6 Short Blades
 + Level 1.6 Long Blades
 + Level 1.6 Axes
 + Level 1.6 Maces & Flails
 + Level 4.8 Polearms
 + Level 1.6 Staves
 + Level 1.6 Slings
 + Level 1.6 Bows
 + Level 1.6 Crossbows
 + Level 1.6 Throwing
 + Level 6.7 Armour
 + Level 1.6 Dodging
 + Level 1.6 Stealth
 + Level 6.7 Shields
 + Level 1.6 Unarmed Combat
 + Level 1.6 Spellcasting
 + Level 1.2 Conjurations
 + Level 1.2 Hexes
 + Level 1.2 Summonings
 + Level 1.2 Necromancy
 + Level 1.2 Translocations
 + Level 1.2 Transmutations
 + Level 1.2 Fire Magic
 + Level 1.2 Ice Magic
 + Level 1.2 Air Magic
 + Level 1.2 Earth Magic
 + Level 1.2 Poison Magic
 + Level 1.8 Invocations
 + Level 1.6 Evocations


You had 7 spell levels left.
You didn't know any spells.
Your spell library contained the following spells:

 Spells                   Type           Power      Damage    Failure   Level
 Sting                    Tmut/Pois      8%         1d3       63%         1
 Poisonous Vapours        Pois/Air       4%         N/A       77%         2
 Stone Arrow              Conj/Erth      4%         3d7       94%         3
 Olgreb's Toxic Radiance  Pois           2%         N/A       100%        4
 Lehudib's Crystal Spear  Conj/Erth      1%         10d2      100%        8
 Animate Armour           Summ/Erth      Unusable   N/A       N/A         4

Dungeon Overview and Level Annotations

Branches:
Dungeon (3/15)

Altars:
Okawaru


Innate Abilities, Weirdness & Mutations

You have very sharp teeth.
Your uncanny sense of smell can sniff out nearby items.
Your experience applies equally to all skills.


Message History

The orc attacks as you move away! The orc closely misses you.
The orc attacks as you move away! You block the orc's attack.
The orc priest hits you but does no damage.
The orc attacks as you move away! The orc hits you but does no damage.
The orc priest attacks as you move away!
The orc priest closely misses you.
The orc priest mumbles some strange prayers to Beogh against you.
Beogh smites you! The orc misses you. The orc attacks as you move away!
The orc hits you but does no damage.
Items here: ( )) [ ÷÷.
The orc attacks as you move away! The orc hits you but does no damage.
Okay, then.
You feel very mighty all of a sudden. The orc completely misses you.
You are too injured to fight recklessly!
You are too injured to fight recklessly!
You are too injured to fight recklessly!
You barely miss the orc. The orc hits you but does no damage.
You closely miss the orc. The orc barely misses you.
You puncture the orc!
You kill the orc!
Okawaru accepts your kill.
You impale the orc!!
You kill the orc!
Okawaru accepts your kill.
You puncture the orc priest!
The orc priest is heavily wounded.
The orc priest invokes the aid of Beogh against you.
Pain shoots through your body!
* * * LOW HITPOINT WARNING * * *
You barely miss the orc priest.
The orc priest is heavily wounded.
The orc priest hits you but does no damage.
You hit the orc priest but do no damage.
Your bite misses the orc priest.
The orc priest is heavily wounded.
The orc priest invokes the aid of Beogh against you.
Beogh smites you!
You die...

..# ######## ..# ##......##
..# ##........## ..#########
#..........# .##.†.....##
#..>....[..# .#.⌠##.##⌠.#
#..........# .#.##...##.#
#..........#
.#.#.⌠.⌠.#.#######....).....#
.#.#..<..#†#....@oo........##
##.#.⌠.⌠.#.#.#####..........#
.#.##...##.### #...[......#
.#.⌠#####⌠.# ##.......≈.≈#
.##.......## ##........≈.≈#
..####'#### ##.........≈.≈#
.#.....# ##.†##......≈≈≈#
.#...#.### ###..####.......##
...#.#...###...## #########


You could see an orc priest and an orc.

Vanquished Creatures
  An orc priest (D:2)
  4 gnolls (D:2)
  4 adders (D:2)
  A worm (D:2)
  2 dart slugs
  4 orcs (D:2)
  14 endoplasms
  6 hobgoblins
  5 jackals
  2 quokkas (D:1)
  2 ball pythons (D:2)
  8 bats
  5 frilled lizards
  8 goblins
  6 kobolds
  A rat (D:1)
73 creatures vanquished.

Notes
Turn   | Place    | Note
-------+----------+-------------------------------------------
     0 | D:1      | MechDurjaeses the Gnoll Fighter began the quest for the
                  | Orb.
     0 | D:1      | Reached XP level 1. HP: 23/23 MP: 1/1
   140 | D:1      | Reached XP level 2. HP: 29/29 MP: 2/2
   333 | D:1      | Reached XP level 3. HP: 30/35 MP: 3/3
  1022 | D:2      | Reached skill level 1 in Invocations
  1075 | D:2      | Reached skill level 1 in Short Blades
  1075 | D:2      | Reached skill level 1 in Long Blades
  1075 | D:2      | Reached skill level 1 in Axes
  1075 | D:2      | Reached skill level 1 in Maces & Flails
  1075 | D:2      | Reached skill level 1 in Staves
  1075 | D:2      | Reached skill level 1 in Slings
  1075 | D:2      | Reached skill level 1 in Bows
  1075 | D:2      | Reached skill level 1 in Crossbows
  1075 | D:2      | Reached skill level 1 in Throwing
  1075 | D:2      | Reached skill level 1 in Dodging
  1075 | D:2      | Reached skill level 1 in Stealth
  1075 | D:2      | Reached skill level 1 in Unarmed Combat
  1075 | D:2      | Reached skill level 1 in Spellcasting
  1075 | D:2      | Reached skill level 1 in Evocations
  1089 | D:2      | Reached XP level 4. HP: 41/41 MP: 5/5
  1112 | D:2      | Reached skill level 1 in Conjurations
  1112 | D:2      | Reached skill level 1 in Hexes
  1112 | D:2      | Reached skill level 1 in Summonings
  1112 | D:2      | Reached skill level 1 in Necromancy
  1112 | D:2      | Reached skill level 1 in Translocations
  1112 | D:2      | Reached skill level 1 in Transmutations
  1112 | D:2      | Reached skill level 1 in Fire Magic
  1112 | D:2      | Reached skill level 1 in Ice Magic
  1112 | D:2      | Reached skill level 1 in Air Magic
  1112 | D:2      | Reached skill level 1 in Earth Magic
  1112 | D:2      | Reached skill level 1 in Poison Magic
  1465 | D:2      | Found an iron altar of Okawaru.
  1479 | D:2      | Reached XP level 5. HP: 34/47 MP: 6/6
  1787 | D:2      | Became a worshipper of Warmaster Okawaru
  2474 | D:2      | Killed from afar by an orc priest

Illustrated notes

Levels and vault maps discovered:
D:1:      arrival_zaba_pyramid, layout_basic
D:2:      minmay_angry_zag, layout_rooms, basic_altar, minivault_27,
          chequers_serial_rivers_micro_d, grunt_ministairs_11,
          chequers_serial_rivers_micro_e, minmay_diced_spiral
D:3:      layout_basic, minitemple, hellmonk_ecumenical_altar_arch_garden,
          kennysheep_generic_room_15

Skill      XL: |  1  2  3  4 |
---------------+-------------+-----
Invocations    | 1 |  1.8
Short Blades   | 1 |  1.6
Long Blades    | 1 |  1.6
Axes           | 1 |  1.6
Maces & Flails | 1 |  1.6
Staves         | 1 |  1.6
Slings         | 1 |  1.6
Bows           | 1 |  1.6
Crossbows      | 1 |  1.6
Throwing       | 1 |  1.6
Dodging        | 1 |  1.6
Stealth        | 1 |  1.6
Unarmed Combat | 1 |  1.6
Spellcasting   | 1 |  1.6
Evocations     | 1 |  1.6
Conjurations   | 1 |  1.2
Hexes          | 1 |  1.2
Summonings     | 1 |  1.2
Necromancy     | 1 |  1.2
Translocations | 1 |  1.2
Transmutations | 1 |  1.2
Fire Magic     | 1 |  1.2
Ice Magic      | 1 |  1.2
Air Magic      | 1 |  1.2
Earth Magic    | 1 |  1.2
Poison Magic   | 1 |  1.2
Fighting       | |  6.7
Polearms       | |  4.8
Armour         | |  6.7
Shields        | |  6.7

Action                   |  1- 3 |  4- 6 || total
-------------------------+-------+-------++-------
Melee: Trident           |   125 |   113 ||   238
       Bite              |     5 |     3 ||     8
 Fire: Hunting sling     |     3 |       ||     3
  Use: Potion            |       |     2 ||     2
       Scroll            |       |     1 ||     1
Armor: Scale mail        |    40 |    45 ||    85
Dodge: Dodged            |    42 |    61 ||   103
Block: Buckler           |    34 |    27 ||    61

Table legend: (Time is in decaauts)
 A = Elapsed time spent in this place.
 B = Non-inter-level travel time spent in this place.
 C = Inter-level travel time spent in this place.
 D = Time resting spent in this place.
 E = Time spent auto-exploring this place.
 F = Levels seen in this place.
 G = Mean time per level.
                   A        B        C        D        E       F      G
               +--------+--------+--------+--------+--------+-----+--------+
         Total |   2501 |   2254 |    247 |    520 |   1234 |   3 |  833.7 |
       Dungeon |   2501 |   2254 |    247 |    520 |   1234 |   3 |  833.7 |
               +--------+--------+--------+--------+--------+-----+--------+

Top non-repeatable levels by time:
     D:2: 1479 daAuts
     D:1: 1007 daAuts
     D:3: 14 daAuts
